AoeStats
← Stop_Force-Pick_Civ_Pls

African Clearing

510733688Analyzed
4v4 RM · 13h ago on Oct 2, 2026· 43m 28s· 8 players
Game mode
Random Map
Map size
Large (8 player)
Population
200
Speed
Normal
Resources
Standard
Victory
Conquest
Starting age
Dark Age
Ending age
Imperial Age
RankedLock teamsTeams togetherTeam positionsShared explorationLock speedFull tech treeHidden civsTurbo modeCheats
Victory
Defeat
🇨🇳 Hindustanis · China
1531
+11
🇭🇰 Vietnamese · Hong Kong SAR China
1478
+13
🇨🇳 Berbers · China
1457
+14
🇨🇳 Maya · China
1456
+14
🇳🇴 Koreans · Norway
1428
-14
🇹🇷 Ethiopians · Türkiye
1421
-13
🇨🇳 Magyars · China
1408
-13
🇩🇪 Huns · Germany
1401
-12
Sasha The Bunny
3:31 Loom
13:15 Feudal Age
17:28 Castle Age
15:19 Double-Bit Axe
15:40 Scale Barding Armor
15:32 Gold Mining
16:35 Forging
19:58 Chain Barding Armor
24:56 Town Watch
25:00 Horse Collar
26:54 Wheelbarrow
28:49 Heavy Plow
32:46 Bow Saw
35:51 Fletching
40:12 Imperial Age
38:01 Pikeman
38:42 Squires
38:43 Scale Mail Armor
39:18 Iron Casting
38:53 Arson
39:51 Bodkin Arrow
40:37 Masonry
40:20 Crossbowman
41:06 Thumb Ring
40:47 Elite Skirmisher
42:04 Hand Cart
42:12 Bracer
43:14 Chemistry
43:27 Ballistics
Stop_Force-Pick_Civ_Pls
5:16 Loom
14:06 Feudal Age
17:49 Castle Age
16:43 Bloodlines
16:41 Horse Collar
17:24 Double-Bit Axe
18:14 Scale Barding Armor
20:01 Bow Saw
24:55 Husbandry
26:26 Fletching
29:05 Forging
32:06 Wheelbarrow
31:53 Chain Barding Armor
32:05 Heavy Plow
34:13 Hand Cart
39:15 Bodkin Arrow
39:55 Iron Casting
43:31 Imperial Age
41:49 Gold Mining
41:50 Stone Mining
Ramiz Dayı
9:19 Loom
13:14 Feudal Age
18:30 Castle Age
16:34 Double-Bit Axe
17:51 Fletching
18:47 Crossbowman
20:08 Gold Mining
20:19 Bodkin Arrow
24:24 Wheelbarrow
25:35 Horse Collar
27:37 Ballistics
30:49 Hand Cart
32:14 Padded Archer Armor
32:21 Stone Mining
34:38 Heavy Plow
39:57 Imperial Age
39:46 Bow Saw
40:13 Stone Shaft Mining
40:15 Gold Shaft Mining
40:00 Arbalester
42:38 Two-Man Saw
41:44 Bracer
42:00 Leather Archer Armor
43:34 Chemistry
很蓝的啦
7:18 Loom
12:01 Feudal Age
12:39 Double-Bit Axe
12:41 Town Watch
12:49 Arson
13:36 Man-at-Arms
16:51 Gold Mining
18:11 Fletching
18:16 Horse Collar
27:08 Wheelbarrow
29:09 Castle Age
31:48 Stone Mining
40:40 Scale Barding Armor
41:07 Corvinian Army
41:18 Heavy Plow
41:32 Bow Saw
42:39 Ballistics
42:00 Treadmill Crane
Panchi
3:37 Loom
14:22 Feudal Age
15:21 Double-Bit Axe
18:14 Castle Age
19:18 Fletching
20:02 Bow Saw
20:40 Horse Collar
22:42 Town Watch
24:18 Bodkin Arrow
27:49 Crossbowman
30:54 Wheelbarrow
32:08 Hand Cart
32:45 Padded Archer Armor
34:33 Heavy Plow
38:05 Imperial Age
36:35 Ballistics
36:41 Town Patrol
36:56 Gold Mining
36:56 Stone Mining
38:35 Stone Shaft Mining
38:21 Leather Archer Armor
38:28 Elite Rattan Archer
39:16 Bracer
39:25 Siege Engineers
41:09 Chemistry
41:54 Guilds
42:45 Hoardings
XHK
13:12 Feudal Age
14:50 Double-Bit Axe
17:35 Castle Age
15:56 Gold Mining
18:26 Bow Saw
19:01 Fletching
24:18 Bodkin Arrow
25:06 Padded Archer Armor
25:28 Horse Collar
27:12 Ballistics
29:17 Gold Shaft Mining
28:32 Stone Mining
32:01 Leather Archer Armor
32:09 Husbandry
32:19 Bloodlines
33:26 Wheelbarrow
32:36 Town Watch
32:37 Loom
36:56 Imperial Age
37:08 Hand Cart
36:54 Town Patrol
37:01 Elite Camel Archer
37:43 Maghrebi Camels
38:03 Conscription
38:46 Chemistry
38:34 Ring Archer Armor
38:06 Bracer
39:48 Ring Archer Armor
39:24 Scale Barding Armor
39:28 Kasbah
40:03 Hoardings
40:48 Stone Shaft Mining
40:25 Treadmill Crane
40:55 Masonry
愿随心
5:27 Loom
12:36 Feudal Age
14:39 Double-Bit Axe
16:59 Castle Age
15:15 Horse Collar
17:48 Double-Bit Axe
23:03 Fletching
26:21 Wheelbarrow
36:08 Hand Cart
37:39 Bow Saw
45:37 Imperial Age
43:19 Heavy Plow
菜菜
12:42 Feudal Age
11:43 Loom
17:25 Castle Age
15:32 Double-Bit Axe
16:01 Horse Collar
18:40 Bow Saw
22:28 Fletching
23:57 Bodkin Arrow
25:32 Wheelbarrow
25:43 Gold Mining
27:04 Padded Archer Armor
27:23 Hand Cart
29:12 Stone Mining
32:31 Heavy Plow
35:22 Imperial Age
33:51 Stone Shaft Mining
33:55 Leather Archer Armor
33:52 Forging
34:27 Ballistics
34:18 Masonry
36:46 Conscription
37:01 Bracer
38:09 Ring Archer Armor
37:47 Thumb Ring
38:53 Chemistry
38:37 Elite Plumed Archer
39:39 Scale Mail Armor
39:50 Forging
41:55 Two-Man Saw
41:56 Crop Rotation
42:39 Chain Mail Armor
42:59 Iron Casting
41:47 Capped Ram
42:24 Pikeman
43:05 Squires
42:40 Siege Ram
43:26 Halberdier
Connection lost

Rejoining the realm…

Still unreachable

The connection could not be restored.

Session expired

The server has moved on; the page needs a fresh start.